 Dungeon Crawl Stone Soup version 0.30.1-11-g7821555f0a (webtiles) character file.

Game seed: 18364933368250888555

7791 Eitelfritz the Cleaver (level 11, -1/95 HPs)
             Began as a Hill Orc Fighter on Dec 27, 2023.
             Was an Elder of Zin.
             Splashed by a brown ugly thing's acid (2 damage)
             ... on level 10 of the Dungeon.
             The game lasted 00:22:21 (9361 turns).

Eitelfritz the Cleaver (Hill Orc Fighter)           Turns: 9361, Time: 00:22:22

Health: -1/95      AC: 15    Str: 24    XL:     11   Next: 20%
Magic:  18/18      EV: 14    Int: 16    God:    Zin [****..]
Gold:   133        SH:  9    Dex: 10    Spells: 10/10 levels left

rFire   + . .        a - +3 war axe
rCold   + . .        z - +0 kite shield
rNeg    . . .        H - +7 chain mail "Kyidedekk" {-Tele rF+ Int+8 Stlth+}
rPois   .            J - +2 helmet "Bassas" {rC+}
rElec   .            k - +0 cloak
rCorr   +            (no gloves)
SInv    .            n - +0 pair of boots
Will    .....        (no amulet)
Stlth   +            w - ring of resist corrosion
HPRegen 0.35/turn    y - +5 ring of evasion
MPRegen 0.16/turn

%: no teleportation
@: corroded, studying Stealth
A: no striking features
a: Renounce Religion, Recite, Vitalisation, Imprison, Donate Gold


You were on level 10 of the Dungeon.
You worshipped Zin.
Zin was greatly pleased with you.
You visited 2 branches of the dungeon, and saw 11 of its levels.

You collected 617 gold pieces.
You spent 425 gold pieces at shops.
You donated 59 gold pieces to Zin.

Inventory:

Hand Weapons
 a - a +3 war axe (weapon)
 b - a +0 sling
 c - a +0 flail
Missiles
 g - 43 poisoned darts
 q - 2 silver boomerangs
 r - 4 javelins (quivered)
 s - a throwing net
 F - a curare-tipped dart
Armour
 j - +0 steam dragon scales
 k - a +0 cloak (worn)
 n - a +0 pair of boots (worn)
 z - a +0 kite shield (worn)
 H - the +7 chain mail "Kyidedekk" (worn) {-Tele rF+ Int+8 Stlth+}
   (You found it on level 8 of the Dungeon)

   Int:       It affects your intelligence (+8).
   rF:        It protects you from fire.
   -Tele:     It prevents most forms of teleportation.
   Stlth:     It makes you more stealthy.
 J - the +2 helmet "Bassas" (worn) {rC+}
   (You bought it in a shop on level 7 of the Dungeon)

   rC:        It protects you from cold.
Jewellery
 v - a ring of fire
 w - a ring of resist corrosion (left hand)
 y - a +5 ring of evasion (right hand)
Wands
 p - a wand of light (8)
 u - a wand of charming (14)
Scrolls
 t - 2 scrolls of immolation
 A - 2 scrolls of teleportation
 D - a scroll of blinking
 E - a scroll of fog
Potions
 d - 2 potions of cancellation
 e - 5 potions of curing
 f - 2 potions of brilliance
 i - 3 potions of magic
 l - a potion of haste
 m - a potion of resistance
 o - 4 potions of attraction
 x - 3 potions of invisibility
 C - 2 potions of flight


   Skills:
 + Level 8.5 Fighting
 + Level 13.0 Axes
 + Level 0.5 Throwing
 + Level 6.3 Armour
 + Level 3.9 Dodging
 + Level 4.2 Stealth
 + Level 7.4 Shields
 * Level 9.6 Invocations


You had 10 spell levels left.
You didn't know any spells.
Your spell library contained the following spells:

 Spells                   Type           Power      Damage    Failure   Level
 Foxfire                  Conj/Fire      0%         2x1d4     94%         1
 Fireball                 Conj/Fire      0%         3d3       100%        5
 Plasma Beam              Fire/Air       0%         2x1d11    100%        6
 Starburst                Conj/Fire      0%         6d3       100%        6


Dungeon Overview and Level Annotations

Branches:
Dungeon (10/15)            Temple (1/1) D:4            Lair (0/5) D:9
    Orc: D:9-12

Altars:
Ashenzari
Cheibriados
Dithmenos
Elyvilon
Fedhas
Gozag
Hepliaklqana
Kikubaaqudgha
Makhleb
Nemelex Xobeh
Okawaru
Qazlal
Ru
Sif Muna
Trog
Uskayaw
Vehumet
Wu Jian
Xom
Yredelemnul
Zin
The Shining One

Shops:
D:1 =*   D:7 [   D:8 =


Message History

You slash the brown ugly thing!
The brown ugly thing is severely wounded.
You are ready to recite again.
The brown ugly thing headbutts you!
You are splashed with acid.
You resist.
You barely miss the brown ugly thing.
The brown ugly thing is severely wounded.
The brown ugly thing closely misses you.
You hit the brown ugly thing.
The brown ugly thing is almost dead.
You block the brown ugly thing's attack.
You hit the brown ugly thing but do no damage.
The brown ugly thing is almost dead.
You block the brown ugly thing's attack.
You hit the brown ugly thing.
The brown ugly thing is almost dead.
The brown ugly thing headbutts you!
* * * LOW HITPOINT WARNING * * *
The acid corrodes you!
You are splashed with acid.
You resist.
* * * LOW HITPOINT WARNING * * *
You completely miss the brown ugly thing.
The brown ugly thing is almost dead.
The brown ugly thing misses you.
You closely miss the brown ugly thing.
The brown ugly thing is almost dead.
The brown ugly thing headbutts you.
* * * LOW HITPOINT WARNING * * *
You are splashed with acid.
You resist.
* * * LOW HITPOINT WARNING * * *
You closely miss the brown ugly thing.
The brown ugly thing is almost dead.
The brown ugly thing headbutts you.
* * * LOW HITPOINT WARNING * * *
You are splashed with acid.
You resist.
* * * LOW HITPOINT WARNING * * *
You closely miss the brown ugly thing.
The brown ugly thing is almost dead.
The brown ugly thing headbutts you.
* * * LOW HITPOINT WARNING * * *
You are splashed with acid.
You resist.
You die...

.##.................##....#.####.
.##....................#....# #.
.##............####......#######.
.##............##................
.##............##...#....#.......
.....#######'####...#....#.......
.....# #....# #...#....#.##...#
.....# #....###...#....# +...#
.....# #....'u@...''...# #...#
.....# #....###...##...# ###..
.....# #......#...##...# #...#
.#...#####......#...##...# ##...#
##..............#...##...# #.....
##..............#...##...# #.....
#.###.....###...#...##...# +.....
.###......# #...#...##...# #.....
###.......# #####...###### #.....


You could see a brown ugly thing.

Vanquished Creatures
  A two-headed ogre (D:9)
  A skeletal warrior (D:10)
  A cyclops (D:10)
  An unseen horror (D:10)
  3 kobold demonologists (D:9)
  Grinder (D:4)
  A hornet (D:10)
  2 shadows
  5 yaks (D:7)
  Sigmund (D:5)
  3 wyverns
  Eustachio (D:4)
  A steam dragon (D:4)
  3 water moccasins
  2 sky beasts
  An orc warrior (D:10)
  An ogre (D:5)
  2 ice beasts
  A phantom (D:4)
  6 centaurs
  6 kobold brigands
  A gnoll sergeant (D:9)
  2 scorpions
  4 killer bees (D:9)
  2 jellies
  A howler monkey (D:7)
  An electric eel (D:9)
  3 hounds
  4 orc priests
  Crazy Yiuf (D:6)
  4 iguanas
  A sleepcap (D:6)
  6 orc wizards
  7 gnolls
  5 adders
  A shadow imp (D:5)
  A white imp (D:7)
  2 ufetubi (D:5)
  3 worms
  24 orcs
  6 ball pythons
  4 endoplasms
  4 giant cockroaches
  6 goblins
  8 hobgoblins
  5 quokkas
  4 bats
  2 frilled lizards
  25 kobolds
  3 rats
184 creatures vanquished.

Vanquished Creatures (others)
  A black bear (D:4)
  A hobgoblin (D:4)
2 creatures vanquished.

Grand Total: 186 creatures vanquished

Notes
Turn   | Place    | Note
-------+----------+-------------------------------------------
     0 | D:1      | Eitelfritz the Hill Orc Fighter began the quest for the
                  | Orb.
     0 | D:1      | Reached XP level 1. HP: 19/19 MP: 1/1
   280 | D:1      | Reached XP level 2. HP: 19/27 MP: 2/2
   330 | D:1      | Found Xuros's General Store.
   339 | D:1      | Bought a scroll of identify for 26 gold pieces
   441 | D:1      | Found Ceyteak's Jewellery Shoppe.
   851 | D:2      | Reached skill level 3 in Axes
   851 | D:2      | Reached XP level 3. HP: 12/33 MP: 3/3
  1158 | D:2      | Found a faded altar of an unknown god.
  1410 | D:3      | Reached XP level 4. HP: 41/41 MP: 4/4
  1873 | D:3      | Reached skill level 4 in Axes
  1942 | D:4      | Reached XP level 5. HP: 26/47 MP: 5/5
  1943 | D:4      | Reached skill level 5 in Fighting
  2089 | D:4      | Found a shimmering altar of Xom.
  2120 | D:4      | Reached skill level 5 in Axes
  2120 | D:4      | Reached XP level 6. HP: 13/56 MP: 6/6
  2200 | D:4      | Reached skill level 1 in Dodging
  2349 | D:4      | Found a staircase to the Ecumenical Temple.
  2358 | Temple   | Entered the Ecumenical Temple
  2373 | Temple   | Became a worshipper of Zin the Law-Giver
  2373 | Temple   | Reached * piety under Zin
  2441 | D:4      | Noticed Grinder
  2668 | D:3      | Reached skill level 6 in Axes
  2818 | D:4      | Paralysed by Grinder for 3 turns
  2824 | D:4      | Killed Grinder
  2825 | D:4      | Reached XP level 7. HP: 44/62 MP: 6/8
  2928 | D:4      | Noticed Eustachio
  2962 | D:4      | Killed Eustachio
  2963 | D:4      | Reached skill level 7 in Axes
  3120 | D:4      | Noticed a steam dragon
  3134 | D:4      | Killed a steam dragon
  3135 | D:4      | Reached XP level 8. HP: 20/70 MP: 8/10
  3619 | D:5      | Entered Level 5 of the Dungeon
  3622 | D:5      | Reached skill level 5 in Armour
  3669 | D:5      | Noticed Sigmund
  3674 | D:5      | Killed Sigmund
  3675 | D:5      | Reached skill level 8 in Axes
  3821 | D:5      | Reached skill level 1 in Stealth
  3821 | D:5      | Reached skill level 5 in Shields
  4258 | D:5      | Reached skill level 9 in Axes
  4564 | D:6      | Reached skill level 5 in Invocations
  4564 | D:6      | Reached XP level 9. HP: 78/78 MP: 12/12
  4853 | D:6      | Found a runed translucent door.
  4854 | D:6      | Noticed Crazy Yiuf
  4987 | D:6      | Found an ancient bone altar of Kikubaaqudgha.
  4989 | D:6      | Found a stormy altar of Qazlal.
  4989 | D:6      | Found a bloodstained altar of Trog.
  4989 | D:6      | Found a sacrificial altar of Ru.
  4989 | D:6      | Found a broken altar of Ashenzari.
  5058 | D:6      | Reached ** piety under Zin
  5266 | D:6      | Killed Crazy Yiuf
  5478 | D:7      | Identified the +8 dagger of Fedhas's Whim {heavy, rF+ rN+}
  5574 | D:7      | Found Juozin's Armour Boutique.
  5897 | D:7      | Reached skill level 10 in Axes
  6109 | D:7      | Reached *** piety under Zin
  6197 | D:8      | Found Tosohav's Jewellery Shop.
  6554 | D:8      | Reached skill level 11 in Axes
  6562 | D:8      | Reached XP level 10. HP: 68/86 MP: 15/15
  6677 | D:8      | Found a shadowy altar of Dithmenos.
  6867 | D:8      | Identified the +7 chain mail "Kyidedekk" {-Tele rF+ Int+8
                  | Stlth+}
  7100 | D:7      | Bought the +2 helmet "Bassas" {rC+} for 399 gold pieces
  7194 | D:9      | Found a staircase to the Lair.
  7224 | D:9      | Noticed a two-headed ogre
  7227 | D:9      | Noticed a kobold demonologist
  7228 | D:9      | Noticed a smoke demon
  7229 | D:9      | Noticed a kobold demonologist
  7231 | D:9      | Noticed a kobold demonologist
  7232 | D:9      | Noticed a sixfirhy
  7251 | D:9      | Noticed a sixfirhy
  7258 | D:9      | Killed a two-headed ogre
  7267 | D:9      | HP: 1/88 [sixfirhy[a kobold demonologist] (12)]
  7291 | D:9      | Killed a kobold demonologist
  7298 | D:9      | Killed a kobold demonologist
  7451 | D:9      | Killed a kobold demonologist
  7650 | D:9      | Reached skill level 12 in Axes
  7798 | D:9      | Reached **** piety under Zin
  8740 | D:10     | Entered Level 10 of the Dungeon
  8937 | D:10     | Killed an unseen horror
  8938 | D:10     | Reached XP level 11. HP: 86/94 MP: 17/17
  8977 | D:10     | Noticed a cyclops
  8983 | D:10     | Killed a cyclops
  9311 | D:10     | Noticed a skeletal warrior
  9311 | D:10     | Noticed a brown ugly thing
  9342 | D:10     | Killed a skeletal warrior
  9343 | D:10     | Reached skill level 13 in Axes
  9361 | D:10     | HP: 1/95 [brown ugly thing (5)]
  9361 | D:10     | Splashed by a brown ugly thing's acid

Illustrated notes

Levels and vault maps discovered:
D:1:      giann_forest_graveyard, layout_basic, serial_shops, shop, shop
D:2:      layout_rooms, shapermc_ecumenical_altar_ellora
D:3:      layout_rooms
D:4:      corexii_shack_village, layout_cave_pools, xom_teletrap_fun,
          minmay_temple_entry_drinking_statues, minmay_manual_moon,
          uniq_eustachio, uniq_grinder
D:5:      layout_basic, uniq_sigmund
D:6:      layout_loops_ring, grunt_temple_overflow_open, uniq_crazy_yiuf_cottage
D:7:      layout_gridville, serial_shops, nicolae_shop_trees
D:8:      layout_cave_pools, nicolae_dithmenos_shadow_blocks, serial_shops, shop
D:9:      layout_basic, lair_entry_dummy
D:10:     layout_basic, kb_rosetta
Temple:   hellmonk_temple_of_storms

Skill      XL: |  1  2  3  4  5  6  7  8  9 10 11 |
---------------+----------------------------------+-----
Fighting       | 4 5 6 7 8 |  8.5
Axes           | 3 4 5 6 7 9 11 12 13 | 13.0
Shields        | 4 5 6 7 |  7.4
Armour         | 4 5 6 |  6.3
Dodging        | 1 2 3 |  3.9
Invocations    | 2 3 5 7 9 |  9.6
Stealth        | 1 3 4 |  4.2
Throwing       | |  0.5

Action                     |  1- 3 |  4- 6 |  7- 9 | 10-12 || total
---------------------------+-------+-------+-------+-------++-------
  Melee: War axe           |   118 |   128 |   232 |   291 ||   769
  Throw: Javelin           |       |       |     4 |       ||     4
 Invoke: Recite            |       |     1 |     6 |    14 ||    21
  Evoke: Wand              |       |     1 |       |       ||     1
    Use: Potion            |       |     1 |     2 |     4 ||     7
         Scroll            |       |    13 |     9 |     4 ||    26
   Stab: Sleeping          |       |       |     2 |       ||     2
         Confused          |       |       |     3 |     2 ||     5
         Invisible         |       |       |       |     1 ||     1
         Paralysed         |       |       |       |     1 ||     1
 Armour: Scale mail        |    44 |       |       |       ||    44
         Chain mail        |    22 |    96 |    53 |   134 ||   305
         Steam dragon scal |       |       |    59 |     3 ||    62
  Dodge: Dodged            |    61 |    50 |   170 |   136 ||   417
  Block: Buckler           |    27 |    37 |       |       ||    64
         Kite shield       |       |       |   141 |   132 ||   273
